Map: 2000 Atmospheres LE

Players

cure - Winner!

  • Race: Terran Terran

LiquidClem (Clem)

  • Race: Terran Terran
  • League: Bronze

Event: TSL 7

VOD

Have the link to the VOD?

Description

Time

  • Played on: June 19, 2021, 10:16 a.m.
  • Length: 16:07

All games in this series

Show
View Real Time Build Order
Export as new Build Order

cure Terran - Winner!

Build Orders:  

Get SALT Encoding   

  12  0:00  SCV  
  13  0:12  SCV  
  14  0:17  Supply Depot  
  14  0:24  SCV  
  15  0:39  SCV, Barracks  
  15  0:42  Refinery  
  16  0:51  SCV  
  16  0:52  Refinery  
  17  1:03  SCV  
  18  1:15  SCV  
  19  1:26  Reaper  
  19  1:27  Orbital Command  
  19  1:28  Supply Depot  
  20  1:42  Factory  
  20  1:53  SCV  
  21  1:58  Reaper  
  22  2:05  SCV  
  23  2:17  SCV  
  24  2:23  Command Center  
  24  2:29  Hellion  
  26  2:30  SCV  
  26  2:33  Barracks Reactor  
  27  2:40  Supply Depot  
  27  2:42  SCV  
  28  2:53  Factory Tech Lab  
  28  2:55  Starport  
  28  2:57  SCV  
  29  3:09  SCV  
  29  3:11  Cyclone  
  33  3:18  Refinery  
  33  3:19  Marine x2  
  35  3:21  SCV  
  36  3:32  Starport Tech Lab  
  36  3:34  SCV  
  37  3:35  Orbital Command  
  37  3:43  Siege Tank  
  37  3:46  SCV  
  37  3:48  Marine x2  
  43  3:54  Raven  
  45  3:58  SCV  
  45  4:01  SCV, Supply Depot  
  47  4:06  Marine x2  
  49  4:11  SCV  
  49  4:13  SCV  
  49  4:16  Siege Tank  
  54  4:23  SCV, Supply Depot  
  55  4:25  SCV  
  55  4:27  Marine x2  
  57  4:35  SCV  
  57  4:37  SCV, Raven  
  61  4:44  Marine  
  62  4:48  Supply Depot  
  62  4:53  SCV x2, Marine  
  62  4:59  Siege Tank  
  68  5:02  Marine  
  68  5:05  SCV  
  70  5:08  Supply Depot  
  70  5:10  SCV  
  70  5:11  Supply Depot  
  72  5:17  SCV  
  73  5:22  SCV  
  73  5:27  Command Center  
  73  5:29  Marine, Viking x2  
  73  5:35  SCV x2  
  80  5:38  Siege Tank  
  80  5:41  Supply Depot, Stimpack  
  83  5:47  SCV x2  
  85  5:53  Marine  
  86  5:59  SCV  
  86  6:00  SCV  
  86  6:01  Refinery  
  88  6:05  Barracks x2  
  88  6:10  Siege Tank  
  88  6:11  Marine  
  79  6:15  Viking  
  79  6:16  Viking  
  78  6:20  SCV x2  
  79  6:29  Marine  
  77  6:34  SCV x2  
  73  6:43  Orbital Command  
  73  6:45  Viking x2  
  73  6:46  Marine  
  74  6:49  Siege Tank  
  74  6:52  SCV x2  
  74  6:53  Engineering Bay x2  
  80  6:54  Barracks Reactor  
  80  6:55  Barracks Reactor  
  80  6:59  Orbital Command  
  77  7:04  Marine  
  75  7:10  SCV x2  
  77  7:16  Viking  
  77  7:17  Viking  
  77  7:21  Combat Shield  
  77  7:22  SCV x2, Marine  
  84  7:24  Refinery  
  84  7:25  Missile Turret  
  84  7:27  Refinery, SCV  
  85  7:31  Marine x4  
  85  7:34  SCV  
  85  7:35  Siege Tank  
  93  7:39  SCV x2  
  95  7:46  SCV, Terran Infantry Weapons Level 1  
  95  7:48  Terran Infantry Armor Level 1  
  95  7:51  SCV x2, Marine x5  
  104  7:58  SCV  
  104  8:02  Medivac x2  
  104  8:03  SCV x2  
  110  8:10  SCV  
  109  8:19  Marine x5  
  111  8:20  Siege Tank  
  111  8:21  SCV x2  
  111  8:26  Supply Depot  
  117  8:27  Armory, Supply Depot  
  117  8:31  SCV, Barracks  
  117  8:32  Barracks  
  114  8:42  Marine x5  
  114  8:44  SCV x3  
  114  8:45  Medivac  
  114  8:46  Medivac  
  120  8:54  Siege Tank  
  123  8:59  Marine x2  
  123  9:00  Marine x3  
  128  9:02  Sensor Tower  
  125  9:13  Command Center  
  125  9:17  Marine x4, Terran Vehicle Weapons Level 1  
  125  9:19  SCV x3  
  125  9:21  Barracks Reactor  
  125  9:22  Barracks Reactor  
  125  9:23  Medivac x2  
  137  9:27  Siege Tank  
  139  9:34  Factory  
  139  9:35  SCV x2  
  141  9:40  Supply Depot x3  
  141  9:41  Marine  
  141  9:42  Barracks Reactor, SCV, Marine  
  141  9:45  Marine x2  
  146  9:46  Sensor Tower  
  146  9:48  Terran Infantry Weapons Level 2  
  146  9:54  Refinery  
  146  9:55  Terran Infantry Armor Level 2, SCV x3  
  146  9:56  Refinery  
  146  9:59  Marine x2  
  146  10:07  SCV x3  
  146  10:11  Marine  
  146  10:12  Marine x5, Missile Turret  
  146  10:13  Siege Tank  
  158  10:17  Marine, Viking  
  161  10:24  Planetary Fortress  
  161  10:28  SCV x3  
  163  10:35  Siege Tank  
  167  10:36  Marine x4  
  171  10:44  Viking  
  171  10:45  Siege Tank  
  171  10:46  Supply Depot  
  171  10:47  Viking, Supply Depot  
  178  10:53  Marine x4  
  182  11:00  Command Center  
  180  11:09  Siege Tank  
  179  11:12  Marine x8  
  179  11:14  Terran Vehicle Weapons Level 2  
  179  11:17  Siege Tank  
  189  11:31  Marine x6  
  195  11:41  Siege Tank  
  195  11:46  Marine x2  
  200  11:49  Siege Tank  
  200  11:50  Viking  
  200  11:52  Marine x4  
  200  11:55  Starport  
  200  11:56  Starport  
  200  11:59  Starport  
  191  12:01  Command Center  
  191  12:03  Command Center  
  191  12:12  Marine x4  
  194  12:17  Siege Tank  
  194  12:20  Terran Infantry Weapons Level 3, Marine, Terran Infantry Armor Level 3  
  198  12:29  Marine x4  
  200  12:32  Armory  
  200  12:35  Starport Tech Lab  
  200  12:36  Starport Tech Lab x2  
  200  12:44  Armory  
  200  12:46  Refinery  
  200  12:47  Refinery  
  200  12:49  Command Center  
  200  12:55  Planetary Fortress, Command Center  
  174  13:10  Marine x4  
  174  13:12  Viking x5  
  179  13:17  Siege Tank  
  182  13:23  Siege Tank  
  185  13:30  Marine x8  
  193  13:36  Marine x2  
  193  13:42  Viking  
  193  13:47  Marine x2  
  193  13:48  Marine x2  
  198  13:50  Siege Tank  
  198  13:55  Siege Tank  
  197  14:06  Marine x6  
  199  14:16  Marine  
  194  14:17  Planetary Fortress  
  194  14:23  SCV  
  194  14:24  SCV x3  
  197  14:30  Corvid Reactor  
  197  14:31  Raven x2  
  196  14:40  Marine x4  
  200  14:47  Refinery, Command Center  
  200  14:48  Refinery  
  200  14:51  Command Center  
  197  14:53  Command Center  
  197  14:57  Hi-Sec Auto Tracking  
  187  15:01  Marine x4  
  187  15:02  Marine x2  
  187  15:06  Siege Tank x2  
  190  15:10  SCV x2  
  190  15:12  SCV x3  
  195  15:18  Marine x4  
  195  15:19  Marine  
  182  15:30  Marine x5  
  193  15:35  Marine  
  190  15:48  Marine x9  
Show
View Real Time Build Order
Export as new Build Order

LiquidClem Terran 

Build Orders: Gas First Reaper Expand 

Get SALT Encoding   

  12  0:00  SCV  
  13  0:12  SCV  
  14  0:16  Supply Depot  
  14  0:24  SCV  
  14  0:27  Refinery  
  15  0:38  SCV  
  16  0:44  Barracks  
  16  0:50  SCV  
  17  1:02  SCV  
  18  1:14  SCV  
  19  1:30  Orbital Command  
  19  1:31  Reaper  
  20  1:45  Command Center  
  20  1:55  Factory  
  20  1:59  SCV  
  21  2:08  Barracks Reactor  
  21  2:11  SCV  
  21  2:13  Supply Depot  
  22  2:19  Refinery  
  22  2:23  SCV  
  23  2:36  SCV  
  24  2:39  Hellion  
  24  2:42  Starport  
  26  2:45  Marine x2  
  26  2:48  SCV  
  30  3:02  Marine x2  
  30  3:05  Orbital Command, SCV  
  31  3:13  Widow Mine  
  31  3:17  SCV  
  34  3:20  Marine x2  
  34  3:22  Medivac  
  34  3:23  Orbital Command  
  38  3:30  Refinery, SCV  
  39  3:35  Supply Depot  
  39  3:37  Factory Tech Lab  
  39  3:41  Marine  
  39  3:42  Marine  
  39  3:44  SCV  
  42  3:49  SCV  
  42  3:53  Starport Tech Lab  
  43  3:56  Cyclone  
  43  3:58  SCV  
  43  4:01  SCV  
  48  4:10  SCV  
  48  4:12  Raven  
  48  4:13  SCV  
  52  4:18  Marine x2  
  52  4:20  Supply Depot  
  54  4:29  SCV  
  54  4:33  SCV  
  54  4:34  Supply Depot  
  52  4:41  SCV  
  52  4:42  Marine x2, Siege Tank  
  52  4:45  SCV  
  58  4:53  SCV  
  58  4:57  SCV, Raven  
  62  5:00  Supply Depot  
  62  5:01  Command Center  
  62  5:05  SCV, Marine x2  
  65  5:09  SCV  
  65  5:13  Refinery  
  65  5:14  Siege Tank  
  69  5:17  SCV  
  70  5:22  SCV  
  70  5:26  Supply Depot  
  71  5:29  SCV  
  71  5:34  SCV  
  71  5:35  Barracks x2  
  73  5:42  SCV  
  74  5:44  Marine  
  74  5:46  SCV  
  74  5:47  Siege Tank, Supply Depot  
  74  5:49  Viking  
  81  5:55  Viking  
  81  5:56  SCV  
  83  6:02  Marine  
  84  6:07  SCV  
  84  6:08  SCV  
  64  6:19  SCV, Siege Tank  
  64  6:20  SCV, Marine  
  60  6:31  SCV  
  59  6:33  SCV  
  59  6:37  Viking  
  59  6:38  Marine  
  61  6:43  SCV  
  61  6:44  Marine  
  61  6:45  Marine  
  62  6:48  SCV  
  62  6:51  Siege Tank  
  66  6:55  SCV  
  66  6:56  Marine  
  67  7:01  SCV  
  67  7:08  Starport Reactor  
  65  7:14  Barracks Reactor x2, SCV, Marine  
  65  7:18  SCV  
  65  7:20  Command Center  
  66  7:24  Engineering Bay, Siege Tank  
  66  7:25  Engineering Bay  
  66  7:29  SCV  
  70  7:30  SCV  
  70  7:31  Marine  
  70  7:33  Supply Depot  
  72  7:40  Barracks  
  70  7:44  Barracks  
  70  7:47  SCV x2  
  70  7:48  Medivac x2  
  70  7:51  Marine  
  77  7:52  Marine  
  77  7:54  Marine x2  
  80  8:00  Siege Tank  
  84  8:08  Marine  
  84  8:09  SCV x2  
  84  8:10  Marine  
  84  8:12  Barracks Tech Lab  
  86  8:13  Marine  
  81  8:20  Marine  
  81  8:21  SCV  
  83  8:29  Barracks Tech Lab  
  83  8:31  Marine x2  
  83  8:32  Orbital Command  
  83  8:33  Marine, Viking x2  
  90  8:35  Marine  
  90  8:36  Siege Tank, Stimpack  
  90  8:38  SCV x2  
  90  8:40  Marine  
  97  8:45  Marine  
  97  8:47  Combat Shield  
  91  8:49  Marine  
  91  8:50  SCV x2  
  91  8:51  Marine x2  
  91  8:52  Marine  
  91  8:53  Marine  
  98  8:57  Supply Depot  
  98  8:58  SCV, Marine  
  98  9:02  SCV  
  101  9:03  SCV, Marine  
  101  9:06  Marine  
  101  9:08  Viking x2  
  101  9:09  Marine  
  109  9:13  Barracks Reactor  
  109  9:19  SCV x2, Siege Tank  
  109  9:20  Marine x2  
  109  9:21  Marine  
  117  9:27  Supply Depot  
  117  9:29  Terran Infantry Weapons Level 1  
  117  9:30  SCV  
  119  9:31  SCV, Terran Infantry Armor Level 1  
  119  9:34  Marine x2  
  119  9:35  SCV  
  119  9:37  Marine  
  119  9:38  Marine  
  124  9:42  SCV  
  125  9:45  Supply Depot  
  125  9:49  SCV, Marine x2  
  125  9:50  Supply Depot  
  125  9:51  Marine x4  
  132  9:57  Marine  
  132  9:58  Marine  
  133  10:06  Marine  
  133  10:07  Viking, Siege Tank  
  133  10:10  Refinery  
  133  10:11  Refinery, Marine  
  133  10:12  Marine x2  
  133  10:13  Marine  
  142  10:18  Marine  
  142  10:19  Sensor Tower, Supply Depot  
  144  10:21  Viking  
  144  10:28  Factory  
  145  10:29  Barracks Reactor  
  145  10:31  Marine  
  145  10:32  Marine x3  
  149  10:38  Armory, Supply Depot  
  149  10:40  Marine x3  
  149  10:41  Supply Depot  
  152  10:49  Viking, Siege Tank  
  157  10:56  Supply Depot  
  157  10:59  Marine, Viking  
  157  11:01  Marine, Supply Depot x2  
  157  11:02  Marine x3  
  160  11:04  Marine  
  160  11:09  Marine  
  160  11:11  Marine x2  
  155  11:16  Siege Tank  
  155  11:17  Marine  
  159  11:19  Marine x2, Medivac  
  159  11:23  Missile Turret  
  159  11:25  Siege Tank  
  154  11:26  Marine  
  154  11:27  Marine  
  154  11:28  Marine x3  
  154  11:29  Medivac  
  154  11:31  Terran Infantry Weapons Level 2  
  158  11:36  Marine x2  
  158  11:50  Marine x2, Siege Tank  
  158  11:51  Medivac  
  158  11:52  Marine  
  153  11:55  Marine  
  153  11:58  Marine  
  153  11:59  Marine x2, Medivac  
  157  12:01  Siege Tank  
  157  12:02  Terran Infantry Armor Level 2, Marine x2  
  162  12:08  Supply Depot  
  162  12:10  Marine x3  
  162  12:11  Terran Vehicle Weapons Level 1  
  162  12:15  Marine, Supply Depot  
  165  12:16  Marine  
  165  12:17  Marine x2  
  169  12:22  Marine  
  169  12:25  Siege Tank  
  169  12:26  Medivac  
  169  12:28  Supply Depot  
  175  12:37  Marine x3  
  175  12:38  Sensor Tower  
  175  12:40  Sensor Tower  
  175  12:41  Marine x3  
  175  12:42  Marine, Siege Tank  
  185  12:47  Refinery  
  185  12:49  Refinery  
  185  12:52  Marine x2  
  185  12:54  Viking  
  185  12:57  Marine  
  190  13:03  Siege Tank  
  190  13:04  Marine  
  169  13:11  Marine  
  169  13:12  Marine x3  
  154  13:15  Siege Tank  
  152  13:20  Medivac  
  152  13:21  Missile Turret  
  152  13:22  Marine  
  152  13:24  Orbital Command  
  152  13:25  Marine x2  
  154  13:28  Marine  
  154  13:29  Marine  
  156  13:35  Marine, Siege Tank  
  156  13:36  Marine  
  156  13:38  Marine  
  162  13:41  Marine x2  
  162  13:45  Medivac  
  162  13:52  Siege Tank  
  162  13:53  Marine x2  
  159  13:58  Orbital Command  
  159  14:02  Marine x3  
  143  14:03  Marine x2  
  143  14:05  Marine  
  143  14:06  Marine  
  149  14:11  Marine x2  
  139  14:18  Siege Tank  
  139  14:20  Marine x2  
  143  14:26  Marine  
  143  14:28  Marine x4  
  143  14:30  Siege Tank  
  149  14:36  Marine  
  149  14:37  Marine  
  148  14:40  Marine  
  148  14:41  Marine  
  148  14:44  Marine  
  151  14:46  Viking  
  151  14:49  Marine x3  
  151  14:50  Siege Tank  
  159  14:53  Viking  
  159  15:01  Marine x4  
  159  15:02  Marine x2  
  159  15:07  Marine x3  
  159  15:08  Siege Tank  
  164  15:18  Marine  
  164  15:19  Marine x2  
  166  15:26  Marine  
  166  15:27  Marine x2  
  166  15:28  Marine  
  147  15:30  Marine x2, Siege Tank  
  143  15:36  Marine x2  
  143  15:37  Marine  
  148  15:44  Marine x2  
  148  15:45  Marine x2  
  148  15:48  Marine x2  
Tags
 
Add a new tag
Caveats
  • Supply blocks, unpowered buildings, or Contaminate may cause inaccurate times.
  • Supply counts are checked every 10 seconds.